Red Wings vs Predators
Created - 1 mars 2015 at 21:53
Goals
|
| Red Wings |
0 |
2 |
1 |
0 |
3 |
| Predators |
0 |
2 |
1 |
1 |
4 |
|
Shots
|
| Red Wings |
10 |
12 |
5 |
1 |
28 |
| Predators |
12 |
8 |
7 |
2 |
29 |
|
1st period
No Goal
Penalties :
Joffrey Lupul (Nas) for Tripping (Minor) at 8:20
2nd period
1. Red Wings , Teemu Selanne 10 (Sean Bergenheim, Mike Richards) at 11:59
2. Predators , Georges Laraque 11 (Alexander Edler, Kris Vernarsky) at 13:39
3. Predators , Alexander Steen 18 (Brad Boyes, Alexander Edler) at 14:37
4. Red Wings , Sean Bergenheim 15 (Mike Richards) at 18:31
Penalties :
Danny Richmond (Nas) for Roughing (Minor) at 2:18, Richard Jackman (Det) for Hooking (Minor) at 16:13, Robyn Regehr (Nas) for Roughing (Minor) at 19:53
3rd period
5. Red Wings , Rick Nash 35 (Jason Spezza, Paul Martin) at 0:12 (PP)
6. Predators , Alexander Ovechkin 36 (Michael Grabner) at 15:44
Penalties :
Teemu Selanne (Det) for Holding (Minor) at 5:57, Shea Weber (Det) for Hooking (Minor) at 9:28, Joe Thornton (Nas) for Holding (Minor) at 15:59
Overtime #1
7. Predators , Alexander Edler 13 (Georges Laraque, Josef Vasicek) at 4:49
Penalties :
No Penalty
Goalie Stats
Jonathan Quick (Det), 25 saves from 29 shots - (0,862), OTL, 28-20-7, 64:49 minutes
Ray Emery (Nas), 25 saves from 28 shots - (0,893), W, 4-5-3, 64:49 minutes
Players Stats for Red Wings
Player Name G A P +/- PIM S H SB GA TA FO MP PP MP PK MP
------------------------------------------------------------------------------------
Alex Picard 0 0 0 -2 0 1 2 0 0 0 0/0 9:56 0:00 0:47
Christian Backman 0 0 0 -2 0 0 2 4 0 0 0/0 21:21 2:07 0:00
Jason Spezza 0 1 1 -1 0 5 1 0 1 0 20/38 25:02 3:32 3:44
Jonathan Sigalet 0 0 0 1 0 0 1 1 1 0 0/0 15:19 0:00 2:10
Lee Stempniak 0 0 0 0 0 1 1 0 0 0 0/0 10:32 0:00 0:00
Martin Havlat 0 0 0 -1 0 0 3 0 0 1 1/1 22:06 3:32 1:12
Mike Brown 0 0 0 -1 0 1 1 0 0 0 1/1 7:49 0:00 0:00
Mike Richards 0 2 2 1 0 3 1 0 0 0 6/8 17:40 2:44 0:28
Nate Thompson 0 0 0 -1 0 1 0 0 0 0 0/2 9:46 0:00 2:00
Ossi Vaananen 0 0 0 1 0 0 1 2 0 1 0/0 14:43 0:00 2:29
Paul Martin 0 1 1 -1 0 3 0 1 0 1 0/0 28:09 4:09 3:47
Richard Jackman 0 0 0 -1 2 1 0 2 0 3 0/0 20:16 2:07 1:08
Rick Nash 1 0 1 -1 0 4 1 0 1 0 1/3 25:02 3:32 3:43
Robert Dome 0 0 0 0 0 0 0 0 1 0 0/0 10:32 0:00 0:00
Sean Bergenheim 1 1 2 0 0 4 2 0 0 0 1/2 17:27 2:44 0:00
Shawn Horcoff 0 0 0 0 0 0 1 0 1 1 1/5 11:43 0:00 0:00
Shea Weber 0 0 0 -2 2 2 2 1 2 1 0/0 29:54 4:09 2:20
Teemu Selanne 1 0 1 1 2 2 1 1 0 1 1/2 15:59 2:44 0:00
Players Stats for Predators
Player Name G A P +/- PIM S H SB GA TA FO MP PP MP PK MP
------------------------------------------------------------------------------------
Alexander Edler 1 2 3 4 0 3 2 1 0 0 0/0 28:44 4:14 3:11
Alexander Ovechkin 1 0 1 0 0 3 1 1 2 0 2/3 27:08 3:33 3:59
Alexander Steen 1 0 1 1 0 3 1 0 1 0 1/1 18:11 2:24 1:15
Barret Jackman 0 0 0 0 0 1 1 0 0 0 0/0 9:21 0:00 0:00
Brad Boyes 0 1 1 1 0 1 2 0 0 0 0/0 16:21 2:24 0:00
Danny Richmond 0 0 0 -2 2 0 1 1 0 3 0/0 19:44 1:43 1:59
Georges Laraque 1 1 2 2 0 1 0 0 1 0 0/0 9:16 0:00 1:01
Jeremy Williams 0 0 0 -1 0 1 0 2 0 0 0/0 7:55 0:00 0:00
Joe Thornton 0 0 0 0 2 3 2 0 2 0 15/35 26:27 3:33 2:57
Joffrey Lupul 0 0 0 1 2 0 1 1 1 0 0/0 8:11 0:00 0:01
John Moore 0 0 0 -2 0 1 1 1 0 2 0/0 18:50 0:00 3:05
Josef Vasicek 0 1 1 2 0 2 1 1 1 0 6/9 17:28 2:24 0:55
Kent Huskins 0 0 0 0 0 0 0 1 0 0 0/0 6:34 0:00 0:00
Kris Vernarsky 0 1 1 0 0 6 2 0 1 1 5/9 16:40 0:00 0:08
Michael Grabner 0 1 1 0 0 1 3 1 0 0 1/5 23:57 3:33 1:15
Oleg Saprykin 0 0 0 -1 0 1 1 0 0 1 0/0 11:44 0:00 1:01
Robyn Regehr 0 0 0 0 2 1 2 1 0 0 0/0 17:14 1:43 0:00
Ryan Mcdonagh 0 0 0 4 0 1 1 1 0 0 0/0 29:11 4:14 4:17
3 Stars
1 - Alexander Edler (Nas)
2 - Georges Laraque (Nas)
3 - Sean Bergenheim (Det)
Power Play
Red Wings - 1 on 4 Attempt(s) - 25,00%
Predators - 0 on 3 Attempt(s) - 0,00%
Penalty Kill
Red Wings - 3 on 3 Attempt(s) - 100,00%
- Score 0 goal in Penalty Kill
Predators - 3 on 4 Attempt(s) - 75,00%
- Score 0 goal in Penalty Kill
Team Stat
Red Wings - Hits : 20 - Faceoff Wins : 32 - Blocked Shots : 12 - Penalty Minutes : 6
Predators - Hits : 22 - Faceoff Wins : 30 - Blocked Shots : 12 - Penalty Minutes : 8
Official
Referees : Sutherland Kelly and Kozari Steve
Linesman : Ryan Galloway and Tim Nowak
Game Notes
No Game Note
Finance
Level 1 -- Attendance: 6000 (100,00%) -- Ticket Income 522 000 $
Level 2 -- Attendance: 4009 (80,18%) -- Ticket Income 228 513 $
Level 3 -- Attendance: 2000 (100,00%) -- Ticket Income 64 000 $
Level 4 -- Attendance: 2979 (74,48%) -- Ticket Income 62 559 $
Luxury Box -- Attendance: 784 (78,40%) -- Ticket Income 146 608 $
Game was played at the Wildcat center'
Total Attendance: 15772 (87,62%)
Total Ticket Income: 1 023 680 $
Other Income: 153 552 $
Total Income: 1 177 232 $
Red Wings
5 vs 5 Forward
Center Left Wing Right Wing Time % Phy DF OF
1 Jason Spezza Rick Nash Martin Havlat 40 1 2 2
2 Mike Richards Sean Bergenheim Teemu Selanne 30 1 2 2
3 Shawn Horcoff Robert Dome Lee Stempniak 17 1 2 2
4 Nate Thompson Alex Picard Mike Brown 13 1 2 2
5 vs 5 Defense
Defense Defense Time % Phy DF OF
1 Shea Weber Paul Martin 40 1 2 2
2 Richard Jackman Christian Backman 30 1 2 2
3 Jonathan Sigalet Ossi Vaananen 20 1 2 2
4 Christian Backman Shea Weber 10 1 2 2
PowerPlay Forward
Center Left Wing Right Wing Time % Phy DF OF
1 Jason Spezza Rick Nash Martin Havlat 60 1 2 2
2 Mike Richards Sean Bergenheim Teemu Selanne 40 1 2 2
PowerPlay Defense
Defense Defense Time % Phy DF OF
1 Shea Weber Paul Martin 60 1 2 2
2 Richard Jackman Christian Backman 40 1 2 2
Penalty Kill 4 Players Forward
Center Wing Time % Phy DF OF
1 Jason Spezza Rick Nash 60 1 2 2
2 Nate Thompson Martin Havlat 40 1 2 2
Penalty Kill 4 Players Defense
Defense Defense Time % Phy DF OF
1 Shea Weber Paul Martin 60 1 2 2
2 Richard Jackman Jonathan Sigalet 40 1 2 2
Penalty Kill - 3 Players Forward
Forward Time % Phy DF OF
1 Jason Spezza 60 1 2 2
2 Nate Thompson 40 1 2 2
Penalty Kill - 3 Players Defense
Defense Defense Time % Phy DF OF
1 Shea Weber Paul Martin 60 1 2 2
2 Richard Jackman Jonathan Sigalet 40 1 2 2
4 vs 4 Forward
Center Wing Time % Phy DF OF
1 Jason Spezza Rick Nash 60 1 2 2
2 Mike Richards Martin Havlat 40 1 2 2
4 vs 4 Defense
Defense Defense Time % Phy DF OF
1 Shea Weber Paul Martin 60 1 2 2
2 Richard Jackman Christian Backman 40 1 2 2
Last Minutes Offensive
Center Left Wing Right Wing Defense Defense
Jason Spezza Rick Nash Martin Havlat Shea Weber Paul Martin
Last Minutes Defensive
Center Left Wing Right Wing Defense Defense
Jason Spezza Rick Nash Martin Havlat Shea Weber Paul Martin
Goaltenders
Starting : Jonathan Quick
Backup : Scott Clemmensen
Extra Forwards
Normal : Shawn Horcoff, Sean Bergenheim, Alex Picard - PP : Shawn Horcoff, Sean Bergenheim - PK : Nate Thompson
Extra Defensemen
Normal : Jonathan Sigalet, Ossi Vaananen, Christian Backman - PP : Jonathan Sigalet - PK : Ossi Vaananen, Christian Backman
Penalty Shots
Jason Spezza, Rick Nash, Mike Richards, Martin Havlat, Shawn Horcoff
Predators
5 vs 5 Forward
Center Left Wing Right Wing Time % Phy DF OF
1 Joe Thornton Alexander Ovechkin Michael Grabner 40 1 2 2
2 Josef Vasicek Alexander Steen Brad Boyes 30 1 2 2
3 Kris Vernarsky Joffrey Lupul Georges Laraque 15 1 2 2
4 Kris Vernarsky Oleg Saprykin Jeremy Williams 15 1 2 2
5 vs 5 Defense
Defense Defense Time % Phy DF OF
1 Alexander Edler Ryan Mcdonagh 40 1 2 2
2 Danny Richmond John Moore 30 1 2 2
3 Robyn Regehr Barret Jackman 20 1 2 2
4 Kent Huskins Robyn Regehr 10 1 2 2
PowerPlay Forward
Center Left Wing Right Wing Time % Phy DF OF
1 Joe Thornton Alexander Ovechkin Michael Grabner 60 1 2 2
2 Josef Vasicek Alexander Steen Brad Boyes 40 1 2 2
PowerPlay Defense
Defense Defense Time % Phy DF OF
1 Alexander Edler Ryan Mcdonagh 60 1 2 2
2 Danny Richmond Robyn Regehr 40 1 2 2
Penalty Kill 4 Players Forward
Center Wing Time % Phy DF OF
1 Joe Thornton Alexander Ovechkin 60 1 2 2
2 Oleg Saprykin Georges Laraque 40 1 2 2
Penalty Kill 4 Players Defense
Defense Defense Time % Phy DF OF
1 Alexander Edler Ryan Mcdonagh 60 1 2 2
2 Danny Richmond John Moore 40 1 2 2
Penalty Kill - 3 Players Forward
Forward Time % Phy DF OF
1 Alexander Ovechkin 60 1 2 2
2 Joe Thornton 40 1 2 2
Penalty Kill - 3 Players Defense
Defense Defense Time % Phy DF OF
1 Alexander Edler Ryan Mcdonagh 60 1 2 2
2 Danny Richmond John Moore 40 1 2 2
4 vs 4 Forward
Center Wing Time % Phy DF OF
1 Joe Thornton Alexander Ovechkin 60 1 2 2
2 Oleg Saprykin Georges Laraque 40 1 2 2
4 vs 4 Defense
Defense Defense Time % Phy DF OF
1 Alexander Edler Ryan Mcdonagh 60 1 2 2
2 Robyn Regehr Danny Richmond 40 1 2 2
Last Minutes Offensive
Center Left Wing Right Wing Defense Defense
Joe Thornton Alexander Steen Brad Boyes Alexander Edler Danny Richmond
Last Minutes Defensive
Center Left Wing Right Wing Defense Defense
Joe Thornton Oleg Saprykin Georges Laraque Ryan Mcdonagh Danny Richmond
Goaltenders
Starting : Ray Emery
Backup : Kari Lehtonen
Extra Forwards
Normal : Kris Vernarsky, Oleg Saprykin, Michael Grabner - PP : Kris Vernarsky, Oleg Saprykin - PK : Michael Grabner
Extra Defensemen
Normal : Kent Huskins, John Moore, Ryan Mcdonagh - PP : Kent Huskins - PK : John Moore, Ryan Mcdonagh
Penalty Shots
Michael Grabner, Joe Thornton, Alexander Steen, Brad Boyes, Joffrey Lupul
% Time on Ice - Red Wings
Lines # - Real PCT - Wanted PCT - Time Play
Normal Forward
1 - 35% - 40% - 16:38
2 - 28% - 30% - 13:31
3 - 21% - 17% - 9:58
4 - 16% - 13% - 7:40
Normal Defense
1 - 38% - 40% - 18:02
2 - 33% - 30% - 15:38
3 - 23% - 20% - 10:54
4 - 7% - 10% - 3:13
PP Forward
1 - 56% - 60% - 3:32
2 - 44% - 40% - 2:44
PP Defense
1 - 66% - 60% - 4:09
2 - 34% - 40% - 2:07
PK Forward
1 - 80% - 60% - 4:45
2 - 20% - 40% - 1:12
PK Defense
1 - 64% - 60% - 3:47
2 - 36% - 40% - 2:10
PK3 Forward
1 - 0% - 60%
2 - 0% - 40%
PK3 Defense
1 - 0% - 60%
2 - 0% - 40%
44 Forward
1 - 75% - 60% - 3:37
2 - 25% - 40% - 1:12
44 Defense
1 - 66% - 60% - 3:12
2 - 34% - 40% - 1:37
Last Minute Offensive - 0:00
Last Minute Defensive - 0:00
Total
Forward - 64:49
Defense - 64:49
|
% Time on Ice - Predators
Lines # - Real PCT - Wanted PCT - Time Play
Normal Forward
1 - 39% - 40% - 18:48
2 - 28% - 30% - 13:28
3 - 16% - 15% - 7:36
4 - 17% - 15% - 7:55
Normal Defense
1 - 39% - 40% - 18:43
2 - 30% - 30% - 14:31
3 - 20% - 20% - 9:21
4 - 11% - 10% - 5:12
PP Forward
1 - 60% - 60% - 3:33
2 - 40% - 40% - 2:24
PP Defense
1 - 71% - 60% - 4:14
2 - 29% - 40% - 1:43
PK Forward
1 - 84% - 60% - 5:15
2 - 16% - 40% - 1:01
PK Defense
1 - 51% - 60% - 3:11
2 - 49% - 40% - 3:05
PK3 Forward
1 - 0% - 60%
2 - 0% - 40%
PK3 Defense
1 - 0% - 60%
2 - 0% - 40%
44 Forward
1 - 87% - 60% - 4:11
2 - 13% - 40% - 0:38
44 Defense
1 - 68% - 60% - 3:17
2 - 32% - 40% - 1:32
Last Minute Offensive - 0:00
Last Minute Defensive - 0:00
Total
Forward - 64:49
Defense - 64:49
|
Play by Play
1st period
0:01 of 1st period - Jason Spezza wins face-off versus Michael Grabner in neutral zone.
0:53 of 1st period - Slapshot by Rick Nash.
0:53 of 1st period - Stopped by Ray Emery with a rebound.
1:24 of 1st period - Snap shot by Jason Spezza.
1:24 of 1st period - Shot Misses the Net.
1:26 of 1st period - Slapshot by Paul Martin.
1:26 of 1st period - Shot Blocked by Josef Vasicek.
1:28 of 1st period - Slapshot by Paul Martin.
1:28 of 1st period - Stopped by Ray Emery without a rebound.
1:29 of 1st period - Teemu Selanne wins face-off versus Joe Thornton in Predators zone.
2:45 of 1st period - Sean Bergenheim is hit by Josef Vasicek and loses puck.
3:02 of 1st period - Richard Jackman is hit by Alexander Ovechkin.
3:06 of 1st period - Wrist shot by Joe Thornton.
3:06 of 1st period - Shot Blocked by Richard Jackman.
3:08 of 1st period - Wrist shot by Joe Thornton.
3:08 of 1st period - Shot Misses the Net.
3:10 of 1st period - Slapshot by Robyn Regehr.
3:10 of 1st period - Stopped by Jonathan Quick with a rebound.
3:12 of 1st period - Wrist shot by Joe Thornton.
3:12 of 1st period - Stopped by Jonathan Quick without a rebound.
3:13 of 1st period - Kris Vernarsky wins face-off versus Shawn Horcoff in Red Wings zone.
3:42 of 1st period - Richard Jackman is hit by Michael Grabner and loses puck.
3:47 of 1st period - Wrist shot by Alexander Ovechkin.
3:47 of 1st period - Stopped by Jonathan Quick without a rebound.
3:48 of 1st period - Kris Vernarsky wins face-off versus Mike Richards in Red Wings zone.
4:13 of 1st period - Ryan Mcdonagh is hit by Martin Havlat and loses puck.
4:58 of 1st period - Slapshot by Kris Vernarsky.
4:58 of 1st period - Stopped by Jonathan Quick without a rebound.
4:59 of 1st period - Kris Vernarsky wins face-off versus Shawn Horcoff in Red Wings zone.
5:02 of 1st period - Snap shot by Kris Vernarsky.
5:02 of 1st period - Stopped by Jonathan Quick with a rebound.
5:04 of 1st period - Slapshot by John Moore.
5:04 of 1st period - Stopped by Jonathan Quick with a rebound.
5:06 of 1st period - Wrist shot by Oleg Saprykin.
5:06 of 1st period - Stopped by Jonathan Quick with a rebound.
5:08 of 1st period - Snap shot by Jeremy Williams.
5:08 of 1st period - Stopped by Jonathan Quick without a rebound.
5:09 of 1st period - Joe Thornton wins face-off versus Mike Richards in Red Wings zone.
5:18 of 1st period - Slapshot by Joe Thornton.
5:18 of 1st period - Stopped by Jonathan Quick with a rebound.
5:20 of 1st period - Snap shot by Joe Thornton.
5:20 of 1st period - Deflect By Alexander Ovechkin.
5:20 of 1st period - Shot Misses the Net.
5:20 of 1st period - Puck is out of play.
5:21 of 1st period - Mike Richards wins face-off versus Joe Thornton in Red Wings zone.
5:37 of 1st period - Slapshot by Alexander Edler.
5:37 of 1st period - Stopped by Jonathan Quick with a rebound.
6:29 of 1st period - Wrist shot by Jason Spezza.
6:29 of 1st period - Deflect By Joe Thornton.
6:29 of 1st period - Stopped by Ray Emery without a rebound.
6:30 of 1st period - Joe Thornton wins face-off versus Nate Thompson in Predators zone.
6:35 of 1st period - Richard Jackman is hit by Joe Thornton and loses puck.
7:01 of 1st period - Martin Havlat is hit by Robyn Regehr.
7:16 of 1st period - Icing by Paul Martin.
7:17 of 1st period - Alexander Steen wins face-off versus Shawn Horcoff in Red Wings zone.
7:24 of 1st period - Backhand shot by Shawn Horcoff.
7:24 of 1st period - Shot Misses the Net.
8:20 of 1st period - Minor Penalty to Joffrey Lupul for Tripping.
8:21 of 1st period - Joe Thornton wins face-off versus Jason Spezza in Predators zone.
8:25 of 1st period - Off-side.
8:26 of 1st period - Martin Havlat wins face-off versus Joe Thornton in neutral zone.
10:03 of 1st period - Danny Richmond is hit by Teemu Selanne.
10:07 of 1st period - Mike Richards is hit by John Moore and loses puck.
10:20 of 1st period - Penalty to Joffrey Lupul is over, Joffrey Lupul is back on ice.
10:43 of 1st period - Wrist shot by Alexander Steen.
10:43 of 1st period - Stopped by Jonathan Quick without a rebound.
10:44 of 1st period - Shawn Horcoff wins face-off versus Kris Vernarsky in Red Wings zone.
11:09 of 1st period - Ossi Vaananen is hit by Brad Boyes and loses puck.
11:38 of 1st period - Snap shot by Jason Spezza.
11:38 of 1st period - Stopped by Ray Emery with a rebound.
11:40 of 1st period - Wrist shot by Rick Nash.
11:40 of 1st period - Shot Misses the Net.
12:44 of 1st period - Snap shot by Nate Thompson.
12:44 of 1st period - Stopped by Ray Emery with a rebound.
12:46 of 1st period - Slapshot by Paul Martin.
12:46 of 1st period - Stopped by Ray Emery without a rebound.
12:47 of 1st period - Mike Brown wins face-off versus Joe Thornton in Predators zone.
12:58 of 1st period - Wrist shot by Alex Picard.
12:58 of 1st period - Stopped by Ray Emery with a rebound.
13:00 of 1st period - Wrist shot by Richard Jackman.
13:00 of 1st period - Stopped by Ray Emery without a rebound.
13:01 of 1st period - Josef Vasicek wins face-off versus Jason Spezza in Predators zone.
13:33 of 1st period - Slapshot by Alexander Edler.
13:33 of 1st period - Shot Blocked by Teemu Selanne.
13:51 of 1st period - Robert Dome is hit by Joffrey Lupul and loses puck.
14:04 of 1st period - Shea Weber is hit by Kris Vernarsky and loses puck.
16:01 of 1st period - Snap shot by Mike Richards.
16:01 of 1st period - Stopped by Ray Emery with a rebound.
16:23 of 1st period - Snap shot by Mike Brown.
16:23 of 1st period - Stopped by Ray Emery without a rebound.
16:24 of 1st period - Joe Thornton wins face-off versus Rick Nash in Predators zone.
16:24 of 1st period - Joe Thornton is hit by Shea Weber.
17:24 of 1st period - Alexander Ovechkin is hit by Sean Bergenheim.
18:02 of 1st period - Wrist shot by Alexander Steen.
18:02 of 1st period - Shot Blocked by Shea Weber.
18:04 of 1st period - Wrist shot by Brad Boyes.
18:04 of 1st period - Stopped by Jonathan Quick with a rebound.
18:24 of 1st period - Off-side.
18:25 of 1st period - Mike Richards wins face-off versus Josef Vasicek in neutral zone.
18:32 of 1st period - Wrist shot by Sean Bergenheim.
18:32 of 1st period - Shot Misses the Net.
18:34 of 1st period - Wrist shot by Mike Richards.
18:34 of 1st period - Shot Blocked by Kent Huskins.
19:30 of 1st period - Brad Boyes is hit by Alex Picard and loses puck.
19:50 of 1st period - Off-side.
19:51 of 1st period - Mike Richards wins face-off versus Kris Vernarsky in neutral zone.
19:56 of 1st period - Slapshot by Teemu Selanne.
19:56 of 1st period - Shot Blocked by Jeremy Williams.
Goals for this period are 0 for Red Wings vs 0 for Predators.
Shots for this period are 10 for Red Wings vs 12 for Predators.
2nd period
0:01 of 2nd period - Joe Thornton wins face-off versus Jason Spezza in neutral zone.
0:31 of 2nd period - Backhand shot by Shea Weber.
0:31 of 2nd period - Shot Misses the Net.
0:37 of 2nd period - Wrist shot by Sean Bergenheim.
0:37 of 2nd period - Stopped by Ray Emery with a rebound.
0:39 of 2nd period - Slapshot by Teemu Selanne.
0:39 of 2nd period - Stopped by Ray Emery with a rebound.
1:31 of 2nd period - Snap shot by Kris Vernarsky.
1:31 of 2nd period - Stopped by Jonathan Quick without a rebound.
1:32 of 2nd period - Josef Vasicek wins face-off versus Rick Nash in Red Wings zone.
1:35 of 2nd period - Slapshot by Alexander Steen.
1:35 of 2nd period - Stopped by Jonathan Quick without a rebound.
1:36 of 2nd period - Josef Vasicek wins face-off versus Jason Spezza in Red Wings zone.
1:58 of 2nd period - Icing by Martin Havlat.
1:59 of 2nd period - Mike Richards wins face-off versus Joe Thornton in Red Wings zone.
1:59 of 2nd period - Mike Richards is hit by Michael Grabner.
2:18 of 2nd period - Minor Penalty to Danny Richmond for Roughing.
2:19 of 2nd period - Joe Thornton wins face-off versus Jason Spezza in Predators zone.
2:22 of 2nd period - Off-side.
2:23 of 2nd period - Jason Spezza wins face-off versus Joe Thornton in neutral zone.
2:28 of 2nd period - Slapshot by Jason Spezza.
2:28 of 2nd period - Shot Misses the Net.
2:30 of 2nd period - Slapshot by Paul Martin.
2:30 of 2nd period - Stopped by Ray Emery without a rebound.
2:31 of 2nd period - Jason Spezza wins face-off versus Joe Thornton in Predators zone.
2:36 of 2nd period - Snap shot by Jason Spezza.
2:36 of 2nd period - Stopped by Ray Emery without a rebound.
2:37 of 2nd period - Alexander Ovechkin wins face-off versus Jason Spezza in Predators zone.
3:08 of 2nd period - Slapshot by Paul Martin.
3:08 of 2nd period - Shot Hit the Post.
3:54 of 2nd period - Snap shot by Michael Grabner.
3:54 of 2nd period - Stopped by Jonathan Quick with a rebound.
4:06 of 2nd period - Rick Nash is hit by Joe Thornton and loses puck.
4:18 of 2nd period - Penalty to Danny Richmond is over, Danny Richmond is back on ice.
4:51 of 2nd period - Slapshot by Alex Picard.
4:51 of 2nd period - Shot Blocked by Robyn Regehr.
5:43 of 2nd period - Christian Backman is hit by Danny Richmond and loses puck.
6:09 of 2nd period - Paul Martin is hit by Oleg Saprykin and loses puck.
6:59 of 2nd period - Joe Thornton is hit by Jonathan Sigalet and loses puck.
7:52 of 2nd period - Josef Vasicek is hit by Mike Brown and loses puck.
8:15 of 2nd period - Snap shot by Shawn Horcoff.
8:15 of 2nd period - Shot Blocked by Joffrey Lupul.
8:17 of 2nd period - Slapshot by Shea Weber.
8:17 of 2nd period - Stopped by Ray Emery without a rebound.
8:18 of 2nd period - Joe Thornton wins face-off versus Jason Spezza in Predators zone.
8:41 of 2nd period - Teemu Selanne is hit by Barret Jackman and loses puck.
9:10 of 2nd period - Slapshot by Christian Backman.
9:10 of 2nd period - Shot Blocked by Michael Grabner.
9:47 of 2nd period - Wrist shot by Joe Thornton.
9:47 of 2nd period - Shot Blocked by Ossi Vaananen.
11:43 of 2nd period - Slapshot by Jason Spezza.
11:43 of 2nd period - Stopped by Ray Emery without a rebound.
11:44 of 2nd period - Joe Thornton wins face-off versus Teemu Selanne in Predators zone.
11:57 of 2nd period - Backhand shot by Sean Bergenheim.
11:57 of 2nd period - Stopped by Ray Emery with a rebound.
11:59 of 2nd period - Slapshot by Teemu Selanne.
11:59 of 2nd period - Goal by Teemu Selanne - Red Wings : 1 - Predators : 0.
12:00 of 2nd period - Jason Spezza wins face-off versus Joe Thornton in neutral zone.
12:09 of 2nd period - Snap shot by Martin Havlat.
12:09 of 2nd period - Shot Blocked by Danny Richmond.
12:36 of 2nd period - Paul Martin is hit by Alexander Edler and loses puck.
12:47 of 2nd period - Slapshot by Alexander Edler.
12:47 of 2nd period - Shot Blocked by Christian Backman.
12:49 of 2nd period - Snap shot by Jeremy Williams.
12:49 of 2nd period - Shot Misses the Net.
12:51 of 2nd period - Slapshot by Barret Jackman.
12:51 of 2nd period - Stopped by Jonathan Quick with a rebound.
13:29 of 2nd period - Snap shot by Kris Vernarsky.
13:29 of 2nd period - Stopped by Jonathan Quick without a rebound.
13:30 of 2nd period - Kris Vernarsky wins face-off versus Nate Thompson in Red Wings zone.
13:39 of 2nd period - Wrist shot by Georges Laraque.
13:39 of 2nd period - Goal by Georges Laraque - Red Wings : 1 - Predators : 1.
13:40 of 2nd period - Jason Spezza wins face-off versus Joe Thornton in neutral zone.
13:43 of 2nd period - Slapshot by Martin Havlat.
13:43 of 2nd period - Deflect By Jason Spezza.
13:43 of 2nd period - Stopped by Ray Emery without a rebound.
13:44 of 2nd period - Jason Spezza wins face-off versus Joe Thornton in Predators zone.
13:57 of 2nd period - Wrist shot by Joe Thornton.
13:57 of 2nd period - Stopped by Jonathan Quick without a rebound.
13:58 of 2nd period - Joe Thornton wins face-off versus Jason Spezza in Red Wings zone.
13:59 of 2nd period - Wrist shot by Alexander Ovechkin.
13:59 of 2nd period - Shot Hit the Post.
14:01 of 2nd period - Slapshot by Alexander Ovechkin.
14:01 of 2nd period - Deflect By Martin Havlat.
14:01 of 2nd period - Shot Misses the Net.
14:01 of 2nd period - Puck is out of play.
14:02 of 2nd period - Jason Spezza wins face-off versus Michael Grabner in Red Wings zone.
14:09 of 2nd period - Slapshot by Rick Nash.
14:09 of 2nd period - Shot Blocked by Alexander Edler.
14:37 of 2nd period - Snap shot by Alexander Steen.
14:37 of 2nd period - Goal by Alexander Steen - Red Wings : 1 - Predators : 2.
14:38 of 2nd period - Joe Thornton wins face-off versus Jason Spezza in neutral zone.
14:45 of 2nd period - Slapshot by Alexander Edler.
14:45 of 2nd period - Shot Blocked by Paul Martin.
15:35 of 2nd period - John Moore is hit by Mike Richards and loses puck.
15:48 of 2nd period - Wrist shot by Teemu Selanne.
15:48 of 2nd period - Shot Blocked by John Moore.
15:50 of 2nd period - Snap shot by Shea Weber.
15:50 of 2nd period - Stopped by Ray Emery without a rebound.
15:51 of 2nd period - Joe Thornton wins face-off versus Jason Spezza in Predators zone.
16:05 of 2nd period - Snap shot by Joe Thornton.
16:05 of 2nd period - Shot Blocked by Christian Backman.
16:13 of 2nd period - Minor Penalty to Richard Jackman for Hooking.
16:14 of 2nd period - Jason Spezza wins face-off versus Joe Thornton in Red Wings zone.
17:41 of 2nd period - Icing by Ryan Mcdonagh.
17:42 of 2nd period - Joe Thornton wins face-off versus Jason Spezza in Predators zone.
17:47 of 2nd period - Shea Weber is hit by Alexander Edler and loses puck.
18:13 of 2nd period - Penalty to Richard Jackman is over, Richard Jackman is back on ice.
18:31 of 2nd period - Snap shot by Sean Bergenheim.
18:31 of 2nd period - Goal by Sean Bergenheim - Red Wings : 2 - Predators : 2.
18:32 of 2nd period - Jason Spezza wins face-off versus Michael Grabner in neutral zone.
18:37 of 2nd period - Slapshot by Rick Nash.
18:37 of 2nd period - Stopped by Ray Emery with a rebound.
19:21 of 2nd period - Christian Backman is hit by Ryan Mcdonagh and loses puck.
19:31 of 2nd period - Off-side.
19:32 of 2nd period - Joe Thornton wins face-off versus Jason Spezza in neutral zone.
19:53 of 2nd period - Minor Penalty to Robyn Regehr for Roughing.
19:54 of 2nd period - Jason Spezza wins face-off versus Joe Thornton in Predators zone.
Goals for this period are 2 for Red Wings vs 2 for Predators.
Shots for this period are 12 for Red Wings vs 8 for Predators.
3rd period
0:01 of 3rd period - Jason Spezza wins face-off versus Joe Thornton in neutral zone.
0:12 of 3rd period - Wrist shot by Rick Nash.
0:12 of 3rd period - Goal by Rick Nash - Red Wings : 3 - Predators : 2.
0:13 of 3rd period - Jason Spezza wins face-off versus Joe Thornton in neutral zone.
0:38 of 3rd period - Sean Bergenheim is hit by Alexander Steen and loses puck.
1:05 of 3rd period - Wrist shot by Kris Vernarsky.
1:05 of 3rd period - Shot Misses the Net.
1:35 of 3rd period - Slapshot by Teemu Selanne.
1:35 of 3rd period - Shot Blocked by Jeremy Williams.
1:41 of 3rd period - Snap shot by Teemu Selanne.
1:41 of 3rd period - Deflect By Sean Bergenheim.
1:41 of 3rd period - Stopped by Ray Emery without a rebound.
1:42 of 3rd period - Kris Vernarsky wins face-off versus Jason Spezza in Predators zone.
1:42 of 3rd period - Kris Vernarsky is hit by Jason Spezza.
1:52 of 3rd period - Slapshot by Kris Vernarsky.
1:52 of 3rd period - Shot Blocked by Christian Backman.
2:58 of 3rd period - John Moore is hit by Ossi Vaananen and loses puck.
3:27 of 3rd period - Brad Boyes is hit by Christian Backman and loses puck.
4:35 of 3rd period - Snap shot by Kris Vernarsky.
4:35 of 3rd period - Stopped by Jonathan Quick without a rebound.
4:36 of 3rd period - Rick Nash wins face-off versus Kris Vernarsky in Red Wings zone.
5:00 of 3rd period - Michael Grabner is hit by Sean Bergenheim and loses puck.
5:05 of 3rd period - Slapshot by Mike Richards.
5:05 of 3rd period - Stopped by Ray Emery without a rebound.
5:06 of 3rd period - Jason Spezza wins face-off versus Alexander Ovechkin in Predators zone.
5:33 of 3rd period - Ossi Vaananen is hit by Brad Boyes and loses puck.
5:40 of 3rd period - Wrist shot by Brad Boyes.
5:40 of 3rd period - Shot Misses the Net.
5:57 of 3rd period - Minor Penalty to Teemu Selanne for Holding.
5:58 of 3rd period - Jason Spezza wins face-off versus Michael Grabner in Red Wings zone.
6:34 of 3rd period - Wrist shot by Josef Vasicek.
6:34 of 3rd period - Shot Blocked by Jonathan Sigalet.
7:10 of 3rd period - Icing by Brad Boyes.
7:11 of 3rd period - Josef Vasicek wins face-off versus Jason Spezza in Predators zone.
7:57 of 3rd period - Penalty to Teemu Selanne is over, Teemu Selanne is back on ice.
8:28 of 3rd period - Snap shot by Georges Laraque.
8:28 of 3rd period - Shot Misses the Net.
8:51 of 3rd period - Wrist shot by Lee Stempniak.
8:51 of 3rd period - Stopped by Ray Emery without a rebound.
8:52 of 3rd period - Josef Vasicek wins face-off versus Shawn Horcoff in Predators zone.
9:15 of 3rd period - Ryan Mcdonagh is hit by Shea Weber and loses puck.
9:22 of 3rd period - Snap shot by Rick Nash.
9:22 of 3rd period - Stopped by Ray Emery without a rebound.
9:23 of 3rd period - Alexander Ovechkin wins face-off versus Jason Spezza in Predators zone.
9:23 of 3rd period - Alexander Ovechkin is hit by Rick Nash.
9:28 of 3rd period - Minor Penalty to Shea Weber for Hooking.
9:29 of 3rd period - Joe Thornton wins face-off versus Jason Spezza in Red Wings zone.
9:37 of 3rd period - Backhand shot by Joe Thornton.
9:37 of 3rd period - Shot Misses the Net.
9:39 of 3rd period - Slapshot by Ryan Mcdonagh.
9:39 of 3rd period - Stopped by Jonathan Quick with a rebound.
9:41 of 3rd period - Slapshot by Alexander Edler.
9:41 of 3rd period - Deflect By Alexander Ovechkin.
9:41 of 3rd period - Shot Blocked by Ossi Vaananen.
9:41 of 3rd period - Puck is out of play.
9:42 of 3rd period - Jason Spezza wins face-off versus Joe Thornton in Red Wings zone.
9:42 of 3rd period - Jason Spezza is hit by Michael Grabner.
9:51 of 3rd period - Off-side.
9:52 of 3rd period - Jason Spezza wins face-off versus Joe Thornton in neutral zone.
10:35 of 3rd period - Slapshot by Alexander Edler.
10:35 of 3rd period - Stopped by Jonathan Quick without a rebound.
10:36 of 3rd period - Jason Spezza wins face-off versus Josef Vasicek in Red Wings zone.
11:28 of 3rd period - Penalty to Shea Weber is over, Shea Weber is back on ice.
11:43 of 3rd period - Snap shot by Oleg Saprykin.
11:43 of 3rd period - Shot Misses the Net.
11:45 of 3rd period - Wrist shot by Oleg Saprykin.
11:45 of 3rd period - Shot Blocked by Christian Backman.
12:05 of 3rd period - Shawn Horcoff is hit by Kris Vernarsky.
12:53 of 3rd period - Off-side.
12:54 of 3rd period - Sean Bergenheim wins face-off versus Joe Thornton in neutral zone.
13:51 of 3rd period - Wrist shot by Kris Vernarsky.
13:51 of 3rd period - Stopped by Jonathan Quick without a rebound.
13:52 of 3rd period - Jason Spezza wins face-off versus Joe Thornton in Red Wings zone.
13:57 of 3rd period - Slapshot by Alexander Ovechkin.
13:57 of 3rd period - Shot Misses the Net.
14:03 of 3rd period - Snap shot by Alexander Ovechkin.
14:03 of 3rd period - Stopped by Jonathan Quick with a rebound.
14:22 of 3rd period - Off-side.
14:23 of 3rd period - Mike Richards wins face-off versus Josef Vasicek in neutral zone.
14:55 of 3rd period - Snap shot by Joe Thornton.
14:55 of 3rd period - Deflect By Michael Grabner.
14:55 of 3rd period - Shot Misses the Net.
14:55 of 3rd period - Puck is out of play.
14:56 of 3rd period - Joe Thornton wins face-off versus Jason Spezza in Red Wings zone.
15:13 of 3rd period - Snap shot by Joe Thornton.
15:13 of 3rd period - Deflect By Alexander Ovechkin.
15:13 of 3rd period - Shot Misses the Net.
15:13 of 3rd period - Puck is out of play.
15:14 of 3rd period - Mike Richards wins face-off versus Kris Vernarsky in Red Wings zone.
15:44 of 3rd period - Slapshot by Alexander Ovechkin.
15:44 of 3rd period - Goal by Alexander Ovechkin - Red Wings : 3 - Predators : 3.
15:45 of 3rd period - Jason Spezza wins face-off versus Joe Thornton in neutral zone.
15:48 of 3rd period - Snap shot by Martin Havlat.
15:48 of 3rd period - Shot Misses the Net.
15:50 of 3rd period - Wrist shot by Rick Nash.
15:50 of 3rd period - Shot Blocked by Ryan Mcdonagh.
15:59 of 3rd period - Minor Penalty to Joe Thornton for Holding.
16:00 of 3rd period - Michael Grabner wins face-off versus Jason Spezza in Predators zone.
16:47 of 3rd period - Slapshot by Josef Vasicek.
16:47 of 3rd period - Shot Blocked by Richard Jackman.
17:59 of 3rd period - Penalty to Joe Thornton is over, Joe Thornton is back on ice.
18:27 of 3rd period - Snap shot by Brad Boyes.
18:27 of 3rd period - Shot Misses the Net.
18:29 of 3rd period - Snap shot by Josef Vasicek.
18:29 of 3rd period - Stopped by Jonathan Quick with a rebound.
18:50 of 3rd period - Joe Thornton is hit by Lee Stempniak and loses puck.
Goals for this period are 1 for Red Wings vs 1 for Predators.
Shots for this period are 5 for Red Wings vs 7 for Predators.
Overtime #1
0:01 of 1st overtime period - Jason Spezza wins face-off versus Joe Thornton in neutral zone.
1:28 of 1st overtime period - Alexander Edler is hit by Martin Havlat and loses puck.
1:33 of 1st overtime period - Snap shot by Martin Havlat.
1:33 of 1st overtime period - Shot Misses the Net.
1:39 of 1st overtime period - Snap shot by Martin Havlat.
1:39 of 1st overtime period - Shot Misses the Net.
1:57 of 1st overtime period - Alexander Ovechkin is hit by Shawn Horcoff and loses puck.
2:33 of 1st overtime period - Alexander Steen is hit by Martin Havlat and loses puck.
2:42 of 1st overtime period - Slapshot by Mike Richards.
2:42 of 1st overtime period - Stopped by Ray Emery with a rebound.
2:56 of 1st overtime period - Wrist shot by Shawn Horcoff.
2:56 of 1st overtime period - Shot Blocked by Alexander Ovechkin.
3:10 of 1st overtime period - Paul Martin is hit by Robyn Regehr and loses puck.
3:36 of 1st overtime period - Kent Huskins is hit by Alex Picard and loses puck.
3:53 of 1st overtime period - Alexander Ovechkin is hit by Christian Backman and loses puck.
4:39 of 1st overtime period - Snap shot by Josef Vasicek.
4:39 of 1st overtime period - Stopped by Jonathan Quick without a rebound.
4:40 of 1st overtime period - Josef Vasicek wins face-off versus Sean Bergenheim in Red Wings zone.
4:49 of 1st overtime period - Slapshot by Alexander Edler.
4:49 of 1st overtime period - Goal by Alexander Edler - Red Wings : 3 - Predators : 4.
Goals for this period are 0 for Red Wings vs 1 for Predators.
Shots for this period are 1 for Red Wings vs 2 for Predators.
Output by the SimonT Hockey Simulator (STHS) for François Prévost -- Original Page W3C XHTML 1.0 Valid